Map: Miner Evacuation

Players

ZPR

  • Race: Zerg Zerg
  • League: Master
  • Spawn Location: 7:00

zpr

  • Race: Terran Terran
  • Spawn Location: 7:00

VOD

Have the link to the VOD?

Description

Time

  • Played on: March 3, 2018, 4:51 a.m.
  • Length: 16:34
Show
View Real Time Build Order
Export as new Build Order

ZPR Zerg 

Build Orders:  

Get SALT Encoding   

  12  0:03  Drone  
  13  0:12  Drone  
  14  0:26  Overlord  
  14  0:37  Drone, Extractor  
  14  0:46  Drone, Extractor  
  14  0:52  Drone  
  15  1:01  Drone  
  16  1:16  Drone  
  17  1:28  Spawning Pool  
  16  1:35  Drone  
  17  1:47  Drone  
  18  1:59  Lair  
  18  2:06  Drone  
  19  2:16  Drone  
  20  2:22  Evolution Chamber  
  19  2:32  Drone  
  20  2:46  Drone  
  21  3:02  Heroic Fortitude  
  21  3:03  Nydus Network  
  21  3:06  Drone  
  21  3:21  Drone  
  21  3:26  Chain Reaction  
  22  3:54  Omega Worm  
  22  3:57  Hive  
  22  4:02  Zerg Missile Weapons Level 1  
  22  4:25  Overlord x3, Hydralisk Den  
  20  4:46  Drone x2  
  22  4:51  Drone  
  22  4:57  Omega Worm  
  23  5:06  Ability Efficiency  
  23  5:18  Queen  
  25  5:29  Hydralisk  
  29  5:30  Hydralisk  
  31  5:45  Hydralisk  
  31  5:46  Seismic Spines  
  31  5:54  Zerg Missile Weapons Level 2  
  31  5:55  Hydralisk  
  31  5:57  Omega Worm  
  31  6:04  Lurker  
  31  6:06  Drone  
  31  6:07  Hydralisk  
  35  6:18  Drone  
  36  6:20  Hydralisk  
  36  6:29  Lurker  
  37  6:31  Overlord  
  37  6:44  Hydralisk  
  37  6:53  Lurker  
  37  6:55  Overlord x2  
  38  7:17  Hydralisk  
  38  7:18  Hydralisk x3  
  46  7:20  Zerg Missile Weapons Level 3  
  46  7:35  Omega Worm  
  46  7:40  Hydralisk  
  46  7:49  Lurker  
  51  7:51  Hydralisk  
  51  7:52  Hydralisk  
  51  8:05  Hydralisk  
  51  8:11  Spore Crawler  
  51  8:13  Spore Crawler  
  51  8:14  Spore Crawler, Hydralisk, Lurker  
  49  8:23  Lurker  
  48  8:47  Spore Crawler  
  51  9:05  Hydralisk x2  
  51  9:10  Omega Worm  
  51  9:16  Lurker  
  51  9:17  Lurker x5  
  51  9:27  Hydralisk x2  
  51  9:36  Lurker x2  
  61  9:40  Hydralisk x4  
  57  10:06  Drone  
  57  10:07  Drone x4  
  59  10:17  Spore Crawler  
  59  10:18  Spore Crawler  
  57  10:30  Spore Crawler  
  57  10:35  Hydralisk  
  57  10:36  Hydralisk x2  
  56  10:44  Lurker  
  56  10:45  Lurker x2  
  59  10:57  Drone x2  
  61  11:14  Spore Crawler  
  61  11:16  Spore Crawler  
  61  11:35  Hydralisk  
  61  11:43  Overseer  
  61  11:52  Hydralisk  
  61  11:56  Overlord x2, Lurker x10  
  61  12:01  Lurker  
  62  12:18  Overlord  
  62  12:19  Overlord  
  62  12:24  Drone x2  
  64  12:30  Omega Worm  
  64  12:51  Lurker x2  
  64  12:59  Spore Crawler  
  63  13:01  Spore Crawler x2  
  63  13:05  Hydralisk  
  63  13:06  Hydralisk x3  
  61  13:14  Lurker  
  61  13:15  Lurker x3  
  65  13:38  Omega Worm  
  69  13:41  Hydralisk x2  
  69  13:50  Spore Crawler  
  69  13:59  Spore Crawler  
  64  14:11  Spore Crawler  
  60  14:31  Hydralisk  
  89  14:40  Lurker  
  62  14:43  Hydralisk  
Show
View Real Time Build Order
Export as new Build Order

zpr Terran 

Build Orders:  

Get SALT Encoding   

Tags
 
Add a new tag
Caveats
  • Supply blocks, unpowered buildings, or Contaminate may cause inaccurate times.
  • Supply counts are checked every 10 seconds.